 Dungeon Crawl Stone Soup version 0.31-a0-232-gb1c03b2570 (webtiles) character file.

Game seed: 12446677116779232367

54 qw the Shooter (level 3, -3/21 HPs)
             Began as a Gargoyle Hexslinger on July 7, 2023.
             Slain by a gnoll
             ... wielding a +0 spear
              (7 damage)
             ... on level 2 of the Dungeon.
             The game lasted 00:00:25 (1260 turns).

qw the Shooter (Gargoyle Hexslinger)                Turns: 1260, Time: 00:00:26

Health: -3/21      AC:  8    Str: 11    XL:     3   Next: 91%
Magic:  4/4        EV: 10    Int: 13    God:
Gold:   95         SH:  0    Dex: 14    Spells: 3/4 levels left

rFire   . . .        Y - +1 sling
rCold   . . .        (no shield)
rNeg    + . .        d - +0 ring mail
rPois   inf          (no helmet)
rElec   +            (no cloak)
rCorr   .            (no gloves)
SInv    .            (no boots)
Will    .....        (no amulet)
Stlth   +            (no ring)
HPRegen 0.23/turn    (no ring)
MPRegen 0.09/turn

%: no passive effects
@: no status effects
A: sickness immunity, AC +3, negative energy resistance 1, electricity
resistance, torment resistance 1, petrification resistance
a: no special abilities


You were on level 2 of the Dungeon.
You visited 1 branch of the dungeon, and saw 2 of its levels.

You collected 95 gold pieces.


Innate Abilities, Weirdness & Mutations

You are immune to sickness and miasma.
Your stone body is resilient. (AC +3)
You are immune to poison.
You resist negative energy. (rN+)
You are resistant to electric shocks. (rElec)
You are resistant to unholy torment.
You are immune to petrification.


   Skills:
 - Level 2.0 Fighting
 + Level 3.7 Ranged Weapons
 - Level 1.5 Dodging
 - Level 1.0 Spellcasting
 - Level 2.6 Hexes


You had 3 spell levels left.
You knew the following spells:

 Your Spells              Type           Power      Damage    Failure   Level
a - Slow                  Hex            28%        N/A       22%         1

Your spell library contained the following spells:

 Spells                   Type           Power      Damage    Failure   Level
 Inner Flame              Hex/Fire       4%         N/A       75%         3
 Portal Projectile        Hex/Tloc       8%         N/A       75%         3
 Cause Fear               Hex            3%         N/A       92%         4

Inventory:

Hand Weapons
 Y - a +1 sling (weapon)
Armour
 d - a +0 ring mail (worn)
Jewellery
 e - a ring of magical power
Scrolls
 a - a scroll of teleportation {unknown}
 f - a scroll of identify {unknown}
 h - a scroll of silence {unknown}
Potions
 b - a potion of brilliance {unknown}
 c - a potion of heal wounds {unknown}
 g - a potion of curing {unknown}
 i - a potion of degeneration {unknown}
 j - a potion of magic {unknown}

Dungeon Overview and Level Annotations

Branches:
Dungeon (2/15)

Altars:


Message History

You shoot a sling bullet. The sling bullet misses the adder.
The sling bullet hits the gnoll but does no damage.
The gnoll is lightly wounded.
The adder bites you but does no damage. The gnoll closely misses you.
The dart slug bites you but does no damage.
You shoot a sling bullet.
The sling bullet barely misses the adder.
The sling bullet hits the gnoll.
The gnoll is moderately wounded.
The adder misses you. The gnoll barely misses you.
The adder bites you but does no damage.
The dart slug bites you but does no damage.
You shoot a sling bullet. The sling bullet hits the adder.
You kill the adder!
The gnoll hits you from afar with a +0 spear.
The gnoll hits you but does no damage. The dart slug bites you.
You shoot a sling bullet. The sling bullet hits the dart slug.
The dart slug is lightly wounded.
The gnoll closely misses you. The dart slug bites you.
You shoot a sling bullet. The sling bullet hits the dart slug.
The dart slug is severely wounded.
The gnoll hits you but does no damage. The dart slug launches a dart at you.
The slug dart misses you.
You shoot a sling bullet. The sling bullet hits the dart slug.
You kill the dart slug!
The gnoll barely misses you. x2
You shoot a sling bullet.
The sling bullet completely misses the gnoll.
The gnoll hits you but does no damage.
You shoot a sling bullet.
The sling bullet closely misses the gnoll.
The gnoll hits you from afar with a +0 spear.
You shoot a sling bullet.
The sling bullet closely misses the gnoll.
The gnoll barely misses you. The gnoll closely misses you.
You shoot a sling bullet. The sling bullet hits the gnoll.
The gnoll is almost dead.
The gnoll hits you from afar with a +0 spear!
You die...

#....##...# #.#.####
#.%..##...# ##.#....)
#.#.........#. .#.######
##.....###.###.# ##^#.# #
.........#.# #..# ##..#.######
########.#.# ##..##
##..##.....## #.#.#
#g#..###..#.#.....## #...#
#.#%.#..#.##.....## ######.###
#@#...#.#.#......# .........#
####.######......#
########.#####
#......###....... #....#
#.....###.......##.....##
#.##.#
#####.#.....##..##.###.##
#..#.# #.#.###.##..##.....(.
#..#.# #.#.###.##....####.#.
##.#.# #.#.#...##..#......#.
#.#.#######.#.....###.########.


You could see a gnoll.

Vanquished Creatures
  3 adders (D:2)
  A dart slug (D:2)
  A ball python (D:1)
  5 endoplasms (D:2)
  A giant cockroach (D:2)
  2 goblins
  A hobgoblin (D:1)
  A kobold (D:1)
  2 quokkas (D:1)
  3 bats
  5 rats
25 creatures vanquished.

Notes
Turn   | Place    | Note
-------+----------+-------------------------------------------
     0 | D:1      | qw the Gargoyle Hexslinger began the quest for the Orb.
     0 | D:1      | Reached XP level 1. HP: 12/12 MP: 2/2
     0 | D:1      | 0 ||| qw: Version: 0.3-a-46-gb1f654a
     0 | D:1      | 0 ||| qw: Game counter: 2230
     0 | D:1      | 0 ||| qw: Melee chars always use a shield: true
     0 | D:1      | 0 ||| qw: God list: Okawaru
     0 | D:1      | 0 ||| qw: Allow faded altars: false
     0 | D:1      | 0 ||| qw: Do Orc after clearing Dungeon:15 true
     0 | D:1      | 0 ||| qw: Do second Lair branch before Depths: true
     0 | D:1      | 0 ||| qw: Lair rune preference: random
     0 | D:1      | 0 ||| qw: Goals: Normal
     0 | D:1      | 0 ||| PLANNING D:1-11
   159 | D:1      | Reached XP level 2. HP: 16/16 MP: 3/3
   601 | D:1      | 601 ||| UPGRADING to +0 ring mail.
   611 | D:1      | 611 ||| DROPPING +0 robe.
   612 | D:1      | 612 ||| READING scroll labelled VAORO OD XOFY.
   613 | D:1      | 613 ||| READING scroll labelled DUXKIUTWENG.
   614 | D:1      | 614 ||| DROPPING scroll of poison.
   662 | D:2      | Reached skill level 3 in Ranged Weapons
   677 | D:2      | Reached XP level 3. HP: 20/21 MP: 4/4
  1253 | D:2      | HP: 5/21 [dart slug (1)]
  1258 | D:2      | HP: 4/21 [gnoll/+0 spear (1)]
  1260 | D:2      | Slain by a gnoll

Levels and vault maps discovered:
D:1:      ebering_hopf_link, layout_loops_ring, fountainhead,
          minmay_misc_feat_rugged, minmay_statues_item, feat_on_display
D:2:      minmay_diamond_boxcup, layout_basic

Skill      XL: |  1  2 |
---------------+-------+-----
Ranged Weapons | 3 |  3.7
Fighting       | 2 |  2.0
Dodging        | |  1.5
Spellcasting   | |  1.0
Hexes          | |  2.6

Action                     || total
---------------------------++-------
   Fire: Sling             ||   103
    Use: Scroll            ||     2
 Armour: Robe              ||     8
         Ring mail         ||    34
  Dodge: Dodged            ||    51

Table legend:
 A = Non-vault XP
 B = Vault XP
 C = Vault XP percentage of total XP
 D = Non-vault monster count
 E = Vault monster count
 F = Vault count percentage of total count
                 A         B        C        D         E       F
            +---------+---------+-------+---------+---------+-------
      Total |      58 |      20 |  25.6 |      21 |       4 |  16.0
            +---------+---------+-------+---------+---------+-------
        D:1 |      17 |       0 |   0.0 |      11 |       0 |   0.0
        D:2 |      41 |      20 |  32.8 |      10 |       4 |  28.6
            +---------+---------+-------+---------+---------+-------
